 Dungeon Crawl Stone Soup version 0.24-a0-434-gd57e52fea8 (webtiles) character file.

Game seed: 13477502472856410410

80188 kidcy the Severer (level 15, -10/138 HPs)
             Began as a Hill Orc Fighter on June 15, 2019.
             Was the Champion of Makhleb.
             Shot with an arrow by Nessos (11 damage)
             ... on level 13 of the Dungeon.
             The game lasted 01:03:03 (25253 turns).

kidcy the Severer (Hill Orc Fighter)               Turns: 25253, Time: 01:03:05

Health: -10/138    AC:  0    Str: 22    XL:     15   Next: 66%
Magic:  26/26      EV: 13    Int:  8    God:    Makhleb [******]
Gold:   1238       SH:  0    Dex: 14    Spells: 14/14 levels left

rFire    . . .     SeeInvis .   (weapon currently unavailable)
rCold    . . .     Gourm    .   (shield currently unavailable)
rNeg     . . .     Faith    +   (armour currently unavailable)
rPois    .         Spirit   .   (helmet currently unavailable)
rElec    .         Reflect  .   (cloak currently unavailable)
rCorr    .         Harm     .   (gloves currently unavailable)
MR       +....                  (boots currently unavailable)
Stlth    +.........             o - amulet of faith
HPRegen  0.33/turn              (ring currently unavailable)
MPRegen  0.20/turn              (ring currently unavailable)

@: lethally poisoned (-10 -> -51), pig-form, very quick
A: small
a: Minor Destruction, Lesser Servant of Makhleb, Major Destruction, Greater
Servant of Makhleb, Renounce Religion


You were on level 13 of the Dungeon.
You worshipped Makhleb.
Makhleb was exalted by your worship.
You were not hungry.
You were a filthy swine.
You visited 4 branches of the dungeon, and saw 22 of its levels.

You collected 2109 gold pieces.
You spent 871 gold pieces at shops.

Inventory:

Hand Weapons
 C - a +1 battleaxe of flaming
 S - a +0 broad axe of chopping (melded)
Missiles
 P - 6 curare-tipped darts (quivered)
Armour
 c - a +0 shield (melded)
 j - a +2 chain mail of poison resistance
 B - a +2 pair of boots (melded)
 D - a +0 plate armour (melded)
 L - a +2 hat (melded)
 N - the +1 cloak "Kyqiylub" (melded) {rElec rC+ Regen+ Dex-4}
   (You bought it in a shop on level 2 of the Orcish Mines)

   It affects your dexterity (-4).
   It protects you from cold.
   It insulates you from electricity.
   It increases your rate of regeneration.
 O - a +2 pair of gloves of strength (melded)
Jewellery
 o - an amulet of faith (around neck)
 E - a +4 ring of protection (melded)
 Q - a +3 ring of evasion (melded)
Wands
 a - a wand of flame (21)
 m - a wand of disintegration (5)
 u - a wand of digging (10)
 v - a wand of iceblast (6)
 z - a wand of scattershot (2)
 F - a wand of random effects (39)
Scrolls
 i - 7 scrolls of teleportation
 l - 6 scrolls of amnesia
 n - 2 scrolls of enchant weapon
 q - 3 scrolls of magic mapping
 t - a scroll of identify
 x - 11 scrolls of remove curse
 I - a scroll of summoning
 M - a scroll of fog
Potions
 b - 3 potions of curing
 d - a potion of might
 e - a potion of invisibility
 k - 2 potions of flight
 p - 2 potions of lignification
 r - 3 potions of haste
 w - 4 potions of brilliance
 A - a potion of agility
 J - 2 potions of ambrosia
Miscellaneous
 G - a fan of gales
Comestibles
 f - 23 rations
 g - 2 chunks of flesh


   Skills:
 + Level 14.0 Fighting
 + Level 17.5 Axes
 + Level 13.0 Armour
 + Level 13.0 Shields
 * Level 15.1 Invocations


You had 14 spell levels left.
You didn't know any spells.
Your spell library contained the following spells:

 Spells                   Type           Power        Failure   Level  Hunger
 Animate Skeleton         Necr           N/A          41%         1    ##.....
 Apportation              Tloc           #.....       41%         1    ##.....
 Beastly Appendage        Tmut           #.....       41%         1    ##.....
 Corona                   Hex            #......      41%         1    ##.....
 Magic Dart               Conj           #...         41%         1    ##.....
 Pain                     Necr           #...         41%         1    ##.....
 Shock                    Conj/Air       #...         41%         1    ##.....
 Summon Butterflies       Summ           #.......     41%         1    ##.....
 Searing Ray              Conj           #.....       54%         2    ###....
 Slow                     Hex            #.......     54%         2    ###....
 Sticks to Snakes         Tmut           #.......     54%         2    ###....
 Swiftness                Chrm/Air       #.......     54%         2    ###....
 Dazzling Spray           Conj/Hex       #.....       78%         3    ####...
 Inner Flame              Hex/Fire       #.......     78%         3    ####...
 Lesser Beckoning         Tloc           #.........   78%         3    ####...
 Portal Projectile        Hex/Tloc       #.....       78%         3    ####...
 Regeneration             Chrm/Necr      #.........   78%         3    ####...
 Spider Form              Tmut/Pois      #.........   78%         3    ####...
 Static Discharge         Conj/Air       #.......     78%         3    ####...
 Tukima's Dance           Hex            #.......     78%         3    ####...
 Vampiric Draining        Necr           #.........   78%         3    ####...
 Airstrike                Air            #.........   99%         4    #####..
 Animate Dead             Necr           N/A          99%         4    #####..
 Cause Fear               Hex            #.........   99%         4    #####..
 Force Lance              Conj/Tloc      #.......     99%         4    #####..
 Fulminant Prism          Conj/Hex       #.........   99%         4    #####..
 Ice Form                 Ice/Tmut       #.......     99%         4    #####..
 Iskenderun's Mystic Bla  Conj           #.......     99%         4    #####..
 Leda's Liquefaction      Hex/Erth       #.........   99%         4    #####..
 Alistair's Intoxication  Tmut/Pois      #.......     100%        5    ######.
 Blade Hands              Tmut           #.........   100%        5    ######.
 Lightning Bolt           Conj/Air       #.........   100%        5    ######.
 Invisibility             Hex            #.......     100%        6    #######


Dungeon Overview and Level Annotations

Branches:
Dungeon (13/15)            Temple (1/1) D:4            Lair (6/6) D:9
 Shoals (0/4) Lair:3        Snake (0/4) Lair:2        Slime (0/5) Lair:5
    Orc (2/2) D:9             Elf (0/3) Orc:2        Vaults (0/5) D:13

Altars:
Ashenzari
Cheibriados
Dithmenos
Elyvilon
Fedhas
Gozag
Hepliaklqana
Kikubaaqudgha
Makhleb
Nemelex Xobeh
Okawaru
Qazlal
Ru
Trog
Uskayaw
Vehumet
Wu Jian
Xom
Yredelemnul
Zin
The Shining One
Beogh

Shops:
D:8 *   D:9 *?[[?   Orc:2 [[}:

Annotations:
D:13 Nessos
Lair:2 exclusion: 4 oklob plants


Message History

You feel very sick.
Nessos shoots an arrow.
The arrow hits you!
* * * LOW HITPOINT WARNING * * *
The arrow burns you.
You are lethally poisoned!
* * * LOW HITPOINT WARNING * * *
A two-headed ogre comes into view. It is wielding two +0 giant clubs.
The human hits you!
* * * LOW HITPOINT WARNING * * *
Nessos shoots an arrow.
The arrow hits you!!
* * * LOW HITPOINT WARNING * * *
The arrow burns you.
* * * LOW HITPOINT WARNING * * *
You feel much better.
* * * LOW HITPOINT WARNING * * *
You feel very sick.
Nessos shoots an arrow.
The arrow hits you!!
* * * LOW HITPOINT WARNING * * *
The arrow burns you!
You die...

#...........
#............##### ..
#.......#$......??
..######.......O.........
.............c.....!....c...
.............#....#...pp.p..
...........p..(..##...p..pp.
#.........(.((p....C....o<>Zo.
.............h#..##......o<.pp
.................# .....p..p..
.................# #....opCp..
...........(.....#.......Op...
..........###)†....#........./
.....!†)...†)....###..........
......).†.###....# #.#########
?......)..###....###.#
.......†(..##.....##.####


You could see Nessos, a two-headed ogre, a cyclops and 2 humans.

Vanquished Creatures
  An orc warlord (D:9)
  2 dire elephants (Lair:6)
  An ettin (Orc:1)
  Harold (Orc:1)
  5 hydras
  The ghost of borg the Grappler, a novice TrBe of Trog (D:10)
  An anaconda (Lair:6)
  A dancing weapon (D:10)
  11 death yaks
  3 two-headed ogres
  7 orc high priests (Orc:2)
  Urug (D:9)
  Nergalle (D:11)
  Sonja (Lair:4)
  A wolf spider zombie (D:13)
  2 orc knights
  A lindwurm (Lair:5)
  A manticore (D:13)
  3 cyclopes
  3 ugly things
  22 elephants
  3 gargoyles
  4 black mambas
  A rime drake (Lair:6)
  3 centaur skeletons
  15 spiny frogs
  A komodo dragon (Lair:2)
  4 trolls
  Grinder (D:6)
  A hornet (D:12)
  Prince Ribbit (D:6)
  13 blink frogs
  6 dream sheep (Lair:6)
  7 hippogriffs
  12 slime creatures
  A shadow (D:13)
  2 wyverns
  A wraith (D:12)
  3 basilisks
  12 yaks
  12 humans
  3 hungry ghosts
  The ghost of Amnesiac the Charmwright, an amateur MfSk of Gozag (D:3)
  13 wargs
  5 nagas (Lair:2)
  7 water moccasins
  10 porcupines
  3 ice beasts
  26 orc warriors
  2 black bears
  36 wolves
  13 ogres
  13 centaurs
  10 crocodiles
  A big kobold (D:10)
  7 bullfrogs
  Blork the orc (D:5)
  2 gnoll sergeants
  6 scorpions
  10 killer bees
  2 electric eels (Lair:1)
  3 wights (D:6)
  4 howler monkeys
  5 crimson imps
  8 jellies
  A quasit (D:10)
  2 centaur zombies
  10 hounds
  25 orc wizards
  42 orc priests
  2 bullfrog skeletons
  5 iguanas
  5 hell rats
  8 worker ants
  A hound zombie (D:7)
  A hound skeleton (D:5)
  A worker ant zombie (D:5)
  12 adders
  14 gnolls
  A shadow imp (D:8)
  3 white imps
  5 oozes (D:9)
  2 adder zombies
  2 adder skeletons
  5 worms
  2 dart slugs (D:1)
  7 leopard geckos
  107 orcs
  5 giant cockroaches
  14 goblins
  7 hobgoblins
  17 jackals
  5 quokkas
  5 ball pythons
  19 bats
  2 frilled lizards
  8 kobolds
  A leopard gecko skeleton (D:7)
  8 rats
  3 fungi
  4 plants
725 creatures vanquished.

Vanquished Creatures (collateral kills)
  3 dire elephants (Lair:6)
  An ice dragon (Lair:4)
  5 hydras
  A death yak (Lair:3)
  3 elephants
  A spiny frog (Lair:5)
  3 blink frogs (Lair:6)
  A dream sheep (Lair:6)
  A hippogriff (Lair:6)
  2 yaks
  A human (D:13)
  2 water moccasins (Lair:6)
  2 crocodiles
  An orc priest (Orc:2)
  A fungus (Lair:6)
28 creatures vanquished.

Vanquished Creatures (others)
  30 fungi
  28 plants
  5 toadstools (D:1)
63 creatures vanquished.

Grand Total: 816 creatures vanquished

Notes
Turn   | Place    | Note
-------+----------+-------------------------------------------
     0 | D:1      | kidcy the Hill Orc Fighter began the quest for the Orb.
     0 | D:1      | Reached XP level 1. HP: 19/19 MP: 1/1
   208 | D:1      | Reached skill level 3 in Axes
   255 | D:1      | Reached XP level 2. HP: 27/27 MP: 2/2
   396 | D:1      | Reached XP level 3. HP: 33/33 MP: 3/3
   483 | D:1      | You fall into a shaft and drop 1 floor!
  1304 | D:2      | Reached skill level 4 in Axes
  1317 | D:2      | Reached XP level 4. HP: 34/40 MP: 4/4
  1335 | D:2      | You fall into a shaft and drop 2 floors!
  1571 | D:4      | Found a staircase to the Ecumenical Temple.
  2058 | D:2      | Reached XP level 5. HP: 47/47 MP: 5/5
  2508 | D:3      | Reached skill level 5 in Axes
  2862 | D:4      | Reached XP level 6. HP: 28/55 MP: 6/6
  3391 | D:5      | Entered Level 5 of the Dungeon
  3496 | D:5      | Reached skill level 5 in Fighting
  3534 | D:5      | Reached skill level 6 in Axes
  3612 | D:5      | Reached XP level 7. HP: 37/61 MP: 7/7
  4110 | D:5      | Got a fine dagger
  4111 | D:5      | Identified the +7 dagger of Untimely Demise {pierce, -Tele
                  | rN++ Str+2} (You found it on level 5 of the Dungeon)
  4190 | D:5      | Reached skill level 5 in Armour
  4315 | D:6      | Reached skill level 7 in Axes
  4315 | D:6      | Reached skill level 5 in Shields
  4371 | D:6      | Found a runed translucent door.
  4410 | D:6      | Found a stormy altar of Qazlal.
  4414 | D:6      | Found a hide-covered altar of Uskayaw.
  4415 | D:6      | Noticed Grinder
  4416 | D:6      | Paralysed by Grinder for 7 turns
  4571 | D:6      | Killed Grinder
  4571 | D:6      | Reached skill level 8 in Axes
  4571 | D:6      | Reached XP level 8. HP: 68/70 MP: 8/8
  4714 | D:6      | Noticed Prince Ribbit
  4725 | D:6      | Killed Prince Ribbit
  4725 | D:6      | Reached skill level 9 in Axes
  5552 | D:6      | Reached XP level 9. HP: 75/79 MP: 9/9
  5674 | D:6      | Noticed Blork the orc
  5704 | D:5      | Killed Blork the orc
  6402 | D:5      | Reached skill level 10 in Axes
  6426 | D:6      | Paralysed by an orc warrior for 7 turns
  6444 | D:5      | Paralysed by an orc warrior for 7 turns
  6736 | D:6      | Found a roughly hewn altar of Beogh.
  7704 | D:7      | Reached skill level 11 in Axes
  8261 | D:8      | Got a heavily jewelled robe
  8262 | D:8      | Identified the +1 robe "Xaroxt" {rF+} (You found it on
                  | level 8 of the Dungeon)
  8662 | D:8      | Noticed a six-headed hydra
  8778 | Temple   | Entered the Ecumenical Temple
  8811 | Temple   | Became a worshipper of Makhleb the Destroyer
  8968 | D:3      | Found a runed translucent gate.
  8969 | D:3      | Found a runed translucent gate.
  8969 | D:3      | Found a runed translucent gate.
  8969 | D:3      | Noticed Amnesiac's ghost (amateur MfSk)
  9014 | D:3      | Killed Amnesiac's ghost
  9014 | D:3      | Reached XP level 10. HP: 83/88 MP: 10/10
  9038 | D:3      | Found an iron altar of Okawaru.
  9874 | D:8      | Found Zun Ame's Assorted Antiques.
  9888 | D:8      | Bought 2 potions of curing for 150 gold pieces
  9888 | D:8      | Bought a scroll labeled NAFETI NEMUHE for 25 gold pieces
  9888 | D:8      | Bought an embroidered hat for 175 gold pieces
  9888 | D:8      | Bought a sedimented green potion for 22 gold pieces
  9888 | D:8      | Bought a glass ring for 125 gold pieces
 10213 | D:9      | Reached * piety under Makhleb
 10358 | D:9      | Reached skill level 12 in Axes
 10493 | D:9      | Found Jeumoego's Antique Armour Shop.
 10507 | D:9      | Found Muishu Yrao's Magic Scroll Shoppe.
 10578 | D:9      | Found Asood's Assorted Antiques.
 10582 | D:9      | Noticed a two-headed ogre
 10588 | D:9      | Killed a two-headed ogre
 10670 | D:9      | Reached ** piety under Makhleb
 10764 | D:9      | Found a staircase to the Lair.
 10784 | D:9      | Reached skill level 13 in Axes
 11082 | D:9      | Reached XP level 11. HP: 95/97 MP: 11/11
 11087 | D:9      | Found a staircase to the Orcish Mines.
 11295 | D:9      | Found Wanolunt's Magic Scroll Shop.
 11369 | D:9      | Found Aroereas's Armour Emporium.
 11557 | D:10     | Entered Level 10 of the Dungeon
 11819 | D:10     | Got a crystal dagger
 11820 | D:10     | Identified the cursed +0 dagger "Worm" {pierce, Str+2 Int-3
                  | Dex+5} (You found it on level 10 of the Dungeon)
 12001 | D:10     | Found a runed translucent door.
 12002 | D:10     | Found a shimmering altar of Xom.
 12002 | D:10     | Noticed borg's ghost (novice TrBe)
 12003 | D:10     | Noticed a +2 long sword of chaos
 12050 | D:11     | Noticed a red ugly thing
 12069 | D:11     | Killed a red ugly thing
 12138 | D:11     | Noticed a two-headed ogre
 12145 | D:11     | Killed a two-headed ogre
 12145 | D:11     | Reached skill level 10 in Fighting
 12183 | Lair:1   | Entered Level 1 of the Lair of Beasts
 12248 | Lair:1   | Reached skill level 14 in Axes
 12338 | Lair:1   | Reached *** piety under Makhleb
 12891 | Lair:1   | Noticed a four-headed hydra
 12901 | Lair:1   | Killed a five-headed hydra
 13237 | Lair:2   | Reached XP level 12. HP: 65/108 MP: 12/14
 13245 | Lair:2   | Reached skill level 10 in Armour
 13245 | Lair:2   | Reached skill level 10 in Shields
 13366 | Lair:2   | Reached **** piety under Makhleb
 13734 | Lair:2   | Found a staircase to the Snake Pit.
 13905 | Lair:2   | Reached skill level 15 in Axes
 13916 | Lair:2   | Reached skill level 5 in Invocations
 14951 | Lair:3   | Noticed a death yak
 14951 | Lair:3   | Noticed a death yak
 14951 | Lair:3   | Noticed a death yak
 14951 | Lair:3   | Noticed a death yak
 14954 | Lair:3   | Noticed a death yak
 14954 | Lair:3   | Noticed a death yak
 14978 | Lair:3   | Killed a death yak
 14987 | Lair:3   | Killed a death yak
 14996 | Lair:3   | Killed a death yak
 15007 | Lair:3   | Killed a death yak
 15019 | Lair:3   | Killed a death yak
 15039 | Lair:3   | Killed a death yak
 15476 | Lair:3   | Got a glittering graven amulet
 15543 | Lair:3   | Found a staircase to the Shoals.
 15635 | Lair:3   | Noticed an eight-headed hydra
 15642 | Lair:3   | Killed an eight-headed hydra
 15642 | Lair:3   | Reached XP level 13. HP: 91/116 MP: 19/19
 15843 | Lair:4   | Noticed Sonja
 16037 | Lair:4   | Found the +5 demon whip "Spellbinder" {antimagic, MR+}
 16108 | Lair:4   | Reached ***** piety under Makhleb
 17091 | Lair:4   | Noticed an ice dragon
 17370 | Orc:1    | Entered Level 1 of the Orcish Mines
 17370 | Orc:1    | Noticed an orc warlord
 17386 | D:9      | Killed an orc warlord
 17553 | Orc:1    | Noticed Urug
 18027 | D:9      | Killed Urug
 18027 | D:9      | Reached skill level 10 in Invocations
 18401 | Orc:1    | Noticed Harold
 18416 | Orc:1    | Killed Harold
 18536 | Orc:1    | Noticed an ettin
 18575 | Orc:1    | Killed an ettin
 18588 | Orc:1    | Reached skill level 16 in Axes
 18831 | Orc:2    | Entered Level 2 of the Orcish Mines
 19133 | Orc:2    | Reached ****** piety under Makhleb
 19424 | Orc:2    | Noticed a blizzard demon
 19670 | Orc:2    | Reached XP level 14. HP: 123/127 MP: 22/22
 19692 | Orc:2    | Found Efuagon's Gadget Boutique.
 19692 | Orc:2    | Found Ocyamerph's Book Emporium.
 19791 | Orc:2    | Found a roughly hewn altar of Beogh.
 19858 | Orc:2    | Found a staircase to the Elven Halls.
 20043 | Orc:2    | Found Xeggick's Antique Armour Boutique.
 20043 | Orc:2    | Found Noutwaru's Armour Emporium.
 20047 | Orc:2    | Bought a faintly glowing cloak for 209 gold pieces
 20047 | Orc:2    | Bought a pair of glowing gloves for 165 gold pieces
 20057 | Orc:2    | Identified the +1 cloak "Kyqiylub" {rElec rC+ Regen+ Dex-4}
                  | (You bought it in a shop on level 2 of the Orcish Mines)
 20185 | Lair:4   | Killed Sonja
 21256 | Lair:5   | You fall into a shaft and drop 1 floor!
 21256 | Lair:6   | Entered Level 6 of the Lair of Beasts
 22508 | Lair:5   | Noticed a cacodemon
 22579 | Lair:6   | Reached skill level 17 in Axes
 22745 | Lair:6   | Noticed a dire elephant
 22745 | Lair:6   | Noticed a dire elephant
 22757 | Lair:6   | Killed a dire elephant
 22757 | Lair:6   | Reached XP level 15. HP: 94/136 MP: 25/25
 23170 | Lair:5   | Found a staircase to the Slime Pits.
 23792 | D:10     | Killed borg's ghost
 24162 | D:11     | Noticed Nergalle
 24185 | D:11     | Killed Nergalle
 24958 | D:12     | Identified the amulet of Daory {Inacc rPois rC- Str+2
                  | Dex+3} (You found it on level 3 of the Lair of Beasts)
 25006 | D:13     | Found a gate to the Vaults.
 25006 | D:13     | Noticed Nessos
 25177 | D:13     | Reached skill level 15 in Invocations
 25252 | D:13     | HP: 2/138 [Nessos/arrow (22)]
 25253 | D:13     | Shot with an arrow by Nessos

Levels and vault maps discovered:
D:1:      ldierk_walled_garden, layout_loops_corners
D:2:      layout_loops_ring
D:3:      layout_loops_ring, okawaru_gym_becter, ebering_ghost_rock_garden
D:4:      layout_rooms, minmay_temple_entry_arrows, first_ration
D:5:      minmay_spotlight, layout_basic, glass_columns_b
D:6:      layout_loops_ring, nicolae_overflow_hidden_temple,
          lightli_church_of_beogh, uniq_prince_ribbit1, uniq_blork_the_orc,
          uniq_grinder
D:7:      layout_basic
D:8:      layout_layer_cave, serial_shops, nicolae_shop_crystal,
          onia_ninara_dug_in_and_dangerous
D:9:      layout_loops_ring, grunt_lair_entry_orc_guard_hut, erik_orc_4,
          serial_shops, nicolae_shop_behind_doors, kennysheep_little_box,
          nicolae_shop_window_shopping, shop_statue, shop,
          hangedman_little_slice_of_home
D:10:     layout_cave_pools, ebering_ghost_xom
D:11:     layout_basic, uniq_nergalle
D:12:     layout_loops_ring
D:13:     layout_rooms, david_vaults_3, grunt_ministairs_8, nemelex_altar_shiori
Temple:   nicolae_temple_no_exploring_needed
Lair:1:   layout_cave_pods, nicolae_quartered_pool_medium,
          grunt_forest_large_clearings, serial_bayou_shore_b
Lair:2:   layout_loops_ring, minmay_snake_entry_guardpost_medium,
          columned_hall_lemuel, roderic_batcave, minmay_lair_oklob_chamber
Lair:3:   layout_loops_ring, minmay_shoals_entry_centaurs
Lair:4:   layout_regular_city, bobbens_ice_dragon_lair, uniq_sonja
Lair:5:   layout_cave_pods, minmay_slime_entry_pillars
Lair:6:   due_jungle_book, layout_regular_city, grunt_megastairs_1
Orc:1:    layout_caves, uniq_urug, uniq_harold
Orc:2:    st_orc_town, layout_caves

Skill      XL: |  1  2  3  4  5  6  7  8  9 10 11 12 13 14 15 |
---------------+----------------------------------------------+-----
Axes           | 3 4 5 6 8 9 11 13 14 15 16 17 | 17.5
Fighting       | 4 5 6 7 8 9 10 11 12 13 14 | 14.0
Armour         | 4 5 6 7 8 9 10 11 12 13 | 13.0
Shields        | 4 5 6 7 8 9 10 11 12 13 | 13.0
Invocations    | 3 8 11 13 15 | 15.1

Action                   |  1- 3 |  4- 6 |  7- 9 | 10-12 | 13-15 || total
-------------------------+-------+-------+-------+-------+-------++-------
Melee: War axe           |   124 |   267 |   452 |   950 |   980 ||  2773
       Dagger            |       |       |    17 |       |       ||    17
       Broad axe         |       |       |       |       |   357 ||   357
Invok: Minor Destruction |       |       |       |     7 |     1 ||     8
       Lesser Servant of |       |       |       |     3 |     3 ||     6
       Major Destruction |       |       |       |       |    14 ||    14
       Greater Servant o |       |       |       |       |    11 ||    11
Evoke: Wand              |       |       |    13 |    28 |    24 ||    65
       Fan of gales      |       |       |       |       |     1 ||     1
  Use: Scroll            |       |     4 |    10 |    12 |    12 ||    38
       Potion            |       |       |     6 |       |    14 ||    20
 Stab: Distracted        |       |       |       |     1 |     5 ||     6
       Confused          |       |       |       |       |     4 ||     4
  Eat: Chunk             |     1 |     8 |     9 |     5 |    17 ||    40
       Ration            |       |       |     3 |     5 |     5 ||    13
Armor: Scale mail        |    85 |   125 |    78 |       |       ||   288
       Plate armour      |       |       |   125 |   529 |   848 ||  1502
Dodge: Dodged            |    45 |    82 |    72 |   147 |   290 ||   636
Block: Shield            |    74 |   139 |   186 |   544 |   816 ||  1759

Table legend:
 A = Non-vault XP
 B = Vault XP
 C = Vault XP percentage of total XP
 D = Non-vault monster count
 E = Vault monster count
 F = Vault count percentage of total count
                 A         B        C        D         E       F
            +---------+---------+-------+---------+---------+-------
      Total |   84403 |   30152 |  26.3 |     544 |     201 |  27.0
            +---------+---------+-------+---------+---------+-------
        D:1 |      50 |       0 |   0.0 |      29 |       0 |   0.0
        D:2 |     119 |       0 |   0.0 |      37 |       0 |   0.0
        D:3 |      85 |     176 |  67.4 |      17 |       1 |   5.6
        D:4 |     187 |       0 |   0.0 |       7 |       0 |   0.0
        D:5 |     319 |     594 |  65.1 |      17 |       8 |  32.0
        D:6 |     949 |     737 |  43.7 |      31 |      22 |  41.5
        D:7 |    1118 |       0 |   0.0 |      28 |       0 |   0.0
        D:8 |    1146 |       0 |   0.0 |      27 |       0 |   0.0
        D:9 |    6648 |    2357 |  26.2 |      45 |      31 |  40.8
       D:10 |     886 |    1839 |  67.5 |       9 |       2 |  18.2
       D:11 |    4110 |     789 |  16.1 |      20 |       1 |   4.8
       D:12 |    5196 |       0 |   0.0 |      27 |       0 |   0.0
       D:13 |    7045 |    4161 |  37.1 |      35 |      15 |  30.0
     Lair:1 |    3090 |    2332 |  43.0 |      14 |      20 |  58.8
     Lair:2 |    4975 |    1749 |  26.0 |      18 |      17 |  48.6
     Lair:3 |    8146 |     120 |   1.5 |      25 |       2 |   7.4
     Lair:4 |    4193 |    1427 |  25.4 |      18 |       4 |  18.2
     Lair:5 |   12358 |     599 |   4.6 |      30 |       4 |  11.8
     Lair:6 |   19741 |    4154 |  17.4 |      52 |      12 |  18.8
      Orc:1 |    2872 |    1002 |  25.9 |      33 |       1 |   2.9
      Orc:2 |    1170 |    8116 |  87.4 |      25 |      61 |  70.9
            +---------+---------+-------+---------+---------+-------
